 Seeded DCSS version 0.29-a0-495-g17b79114eb (webtiles) character file.

Game seed: 347721310492161241 (custom seed)

2296 happo123 the Sneak (level 9, -6/52 HPs)
             Began as a Kobold Enchanter on May 27, 2022.
             Was a Believer of Dithmenos.
             Mangled by a gnoll
             ... wielding a +0 halberd
              (9 damage)
             ... on level 7 of the Dungeon.
             The game lasted 00:29:41 (7432 turns).

happo123 the Sneak (Kobold Enchanter)               Turns: 7432, Time: 00:29:41

Health: -6/52      AC:  6    Str: 11    XL:     9   Next: 67%
Magic:  3/16       EV: 31    Int: 21    God:    Dithmenos [**....]
Gold:   346        SH:  0    Dex: 15    Spells: 6/17 levels left

rFire   . . .      SeeInvis .   J - +4 dagger "Nezyhoc" {vorpal, rC+}
rCold   + . .      Faith    .   (no shield)
rNeg    . . .      Spirit   .   D - +0 troll leather armour
rPois   +          Reflect  .   (no helmet)
rElec   .          Harm     .   (no cloak)
rCorr   .          Rampage  .   (no gloves)
Will    .....                   d - +1 pair of boots {Fly}
Stlth   +++++.....              m - amulet of the acrobat
HPRegen 0.97/turn               v - ring of poison resistance
MPRegen 0.15/turn               E - +6 ring of strength

@: acrobatic, flying, wreathed by umbra
A: small, no large weapons, nightstalker 3
a: Renounce Religion, Shadow Step


You were on level 7 of the Dungeon.
You worshipped Dithmenos.
Dithmenos was pleased with you.
You visited 2 branches of the dungeon, and saw 8 of its levels.
You also visited: Sewer.

You collected 346 gold pieces.

Inventory:

Hand Weapons
 a - a +1 dagger
 k - a +0 dagger of protection
 A - a +1 falchion of holy wrath
 J - the +4 dagger "Nezyhoc" (weapon) {vorpal, rC+}
   (You found it on level 6 of the Dungeon)

   It inflicts extra damage upon your enemies.
   rC:        It protects you from cold.
Armour
 b - a +0 robe
 d - a +1 pair of boots of flying (worn)
 D - a +0 troll leather armour (worn)
 K - the +3 chain mail of Pride {rC+ MP-9 Str+2 Dex+3}
   (You found it on level 7 of the Dungeon)

   Str:       It affects your strength (+2).
   Dex:       It affects your dexterity (+3).
   rC:        It protects you from cold.
   MP:        It affects your magic capacity (-9).
Magical Staves
 G - a staff of conjuration
Jewellery
 m - an amulet of the acrobat (around neck)
 v - a ring of poison resistance (left hand)
 E - a +6 ring of strength (right hand)
Scrolls
 f - a scroll of silence {unknown}
 g - 2 scrolls of immolation {unknown}
 h - 2 scrolls of enchant armour {unknown}
 i - 3 scrolls of brand weapon {unknown}
 j - 3 scrolls of vulnerability {unknown}
 l - a scroll of magic mapping {unknown}
 n - 6 scrolls of identify {unknown}
 o - 3 scrolls of teleportation {unknown}
 p - 3 scrolls of amnesia {unknown}
 r - 3 scrolls of acquirement {unknown}
 w - a scroll of poison {unknown}
 y - a scroll of fear {unknown}
 z - 2 scrolls of blinking {unknown}
 B - a scroll of enchant weapon {unknown}
Potions
 c - 2 potions of invisibility
 e - a potion of flight {unknown}
 q - a potion of mutation {unknown}
 s - 4 potions of curing {unknown}
 t - 2 potions of brilliance {unknown}
 u - a potion of might {unknown}
 x - 2 potions of cancellation {unknown}
 C - a potion of resistance {unknown}
 F - a potion of heal wounds {unknown}
 H - 2 potions of degeneration {unknown}
 I - a potion of haste {unknown}


   Skills:
 + Level 4.6 Fighting
 + Level 5.8 Short Blades
 + Level 5.7 Dodging
 + Level 7.5 Stealth
 + Level 4.7 Spellcasting
 * Level 6.9 Hexes
 + Level 1.6 Earth Magic
 + Level 3.2 Invocations


You had 6 spell levels left.
You knew the following spells:

 Your Spells              Type           Power      Damage    Failure   Level
a - Ensorcelled Hibernat  Hex/Ice        38%        N/A       5%          2
b - Tukima's Dance        Hex            34%        N/A       2%          3
c - Confusing Touch       Hex            34%        N/A       2%          3
d - Dazzling Flash        Conj/Hex       38%        N/A       11%         3

Your spell library contained the following spells:

 Spells                   Type           Power      Damage    Failure   Level
 Slow                     Hex            100%       N/A       1%          1
 Portal Projectile        Hex/Tloc       38%        N/A       11%         3
 Leda's Liquefaction      Hex/Erth       11%        N/A       26%         4
 Call Canine Familiar     Summ           5%         N/A       41%         3
 Vampiric Draining        Necr           5%         2d6       41%         3
 Silence                  Hex/Air        9%         N/A       67%         5
 Agony                    Necr           5%         N/A       99%         5


Dungeon Overview and Level Annotations

Branches:
Dungeon (7/15)             Temple (1/1) D:4           Sewer (visited)

Altars:
Cheibriados
Dithmenos
Elyvilon
Fedhas
Gozag
Kikubaaqudgha
Makhleb
Nemelex Xobeh
Okawaru
Qazlal
Sif Muna
Uskayaw
Vehumet
Wu Jian
Xom
Yredelemnul
The Shining One

Shops:
D:6 *


Innate Abilities, Weirdness & Mutations

You are small and have problems with some larger weapons.
You are completely attuned to the shadows.


Message History

You see here a +0 spear.
Aiming: Ensorcelled Hibernation (safe; 5% risk of failure)
Press: ? - help, Q - select action, (/) - cycle Shift-Dir - straight line, f - hound
Aim: a hound (umbra, chance to affect: 61%)
The hound looks drowsy...
The gnoll hits you from afar with a +0 halberd!
The helpless hound fails to defend itself.
You skewer the hound like a kebab!!!
You kill the hound!
Dithmenos accepts your kill. The gnoll completely misses you.
A gnoll sergeant comes into view. It is wielding a +2 vorpal spear.
Aiming: Ensorcelled Hibernation (safe; 5% risk of failure)
Press: ? - help, Q - select action, (/) - cycle Shift-Dir - straight line, f - gnoll
Aim: a gnoll, wielding a +0 halberd (chance to affect: 61%)
The gnoll resists with significant effort.
The gnoll hits you from afar with a +0 halberd!
Aiming: Ensorcelled Hibernation (safe; 5% risk of failure)
Press: ? - help, Q - select action, (/) - cycle Shift-Dir - straight line, f/p - gnoll
Aim: a gnoll, wielding a +0 halberd (chance to affect: 61%)
The gnoll looks drowsy...
The gnoll sergeant completely misses you.
The gnoll shouts!
You hit the gnoll.
The gnoll is severely wounded.
You hear a shout!
You hit the gnoll.
The gnoll is almost dead.
The gnoll hits you with a +0 halberd!
The gnoll sergeant hits you from afar with a +2 vorpal spear!
You closely miss the gnoll.
The gnoll is almost dead.
The gnoll closely misses you.
The gnoll sergeant hits you from afar with a +2 vorpal spear!
* * * LOW HITPOINT WARNING * * *
x2 A gnoll sergeant comes into view. It is wielding a +0 spear.
The gnoll attacks as you move away! The gnoll hits you with a +0 halberd!
* * * LOW HITPOINT WARNING * * *
The gnoll hits you from afar with a +0 halberd!
You die...

#...........#..
##....##.......
....####......
...# ##.....
..# ##.....
..#++#......
.....†..##..
#..)...## #.
+...)@.+
+......+
#.g.g..#
........#
..#++#..g .#
#..


You could see 2 gnoll sergeants and a gnoll.

Vanquished Creatures
  Eustachio (D:5)
  2 water moccasins
  4 ogres
  A centaur (D:7)
  5 kobold brigands (Sewer)
  A bullfrog (D:4)
  A necrophage (D:6)
  4 scorpions
  A howler monkey (D:4)
  A jelly (D:4)
  6 hounds
  3 orc priests
  An orc wizard (D:4)
  6 iguanas
  6 gnolls
  2 river rats (Sewer)
  10 adders
  A shadow imp (D:6)
  A white imp (D:6)
  3 ufetubi
  9 worms
  A dart slug (D:4)
  15 orcs
  5 bats
  11 endoplasms
  4 giant cockroaches
  4 hobgoblins
  A quokka (D:4)
  6 ball pythons
  6 frilled lizards
  4 goblins
  12 kobolds
  12 rats
150 creatures vanquished.

Vanquished Creatures (others)
  3 plants (D:2)
3 creatures vanquished.

Grand Total: 153 creatures vanquished

Notes
Turn   | Place    | Note
-------+----------+-------------------------------------------
     0 | D:1      | happo123 the Kobold Enchanter began the quest for the Orb.
     0 | D:1      | Reached XP level 1. HP: 10/10 MP: 3/3
   379 | D:1      | Found a faded altar of an unknown god.
   400 | D:1      | Reached XP level 2. HP: 16/16 MP: 5/5
   403 | D:1      | Learned a level 2 spell: Ensorcelled Hibernation
  1248 | D:2      | Reached skill level 1 in Fighting
  1248 | D:2      | Reached XP level 3. HP: 20/20 MP: 6/6
  1252 | D:2      | Learned a level 3 spell: Tukima's Dance
  1796 | D:2      | Reached XP level 4. HP: 25/25 MP: 7/7
  2020 | D:3      | Found an ancient bone altar of Kikubaaqudgha.
  2849 | D:3      | Learned a level 3 spell: Confusing Touch
  2855 | D:4      | Reached XP level 5. HP: 30/30 MP: 7/9
  2913 | D:4      | Found a staircase to the Ecumenical Temple.
  2933 | D:4      | Found a glowing drain.
  2949 | Sewer    | Entered a sewer
  3159 | Sewer    | Noticed a kobold brigand
  3183 | Sewer    | Killed a kobold brigand
  3184 | Sewer    | Reached skill level 5 in Stealth
  3184 | Sewer    | Reached XP level 6. HP: 9/35 MP: 3/10
  3189 | Sewer    | Learned a level 3 spell: Dazzling Flash
  3757 | Sewer    | Reached XP level 7. HP: 40/40 MP: 11/11
  4140 | D:4      | Reached skill level 5 in Hexes
  4147 | D:4      | Found a radiant altar of Vehumet.
  4178 | Temple   | Entered the Ecumenical Temple
  4228 | Temple   | Became a worshipper of Dithmenos the Shadowed
  4593 | D:4      | Reached XP level 8. HP: 46/46 MP: 11/13
  4901 | D:4      | Reached skill level 6 in Stealth
  4901 | D:4      | Reached skill level 1 in Invocations
  5258 | D:5      | Entered Level 5 of the Dungeon
  5511 | D:5      | Noticed Eustachio
  5523 | D:5      | Killed Eustachio
  5523 | D:5      | Reached * piety under Dithmenos
  5782 | D:5      | Reached skill level 5 in Dodging
  5876 | D:5      | Reached skill level 5 in Short Blades
  5935 | D:5      | Reached XP level 9. HP: 52/52 MP: 15/15
  6621 | D:6      | Found a snail-covered altar of Cheibriados.
  6626 | D:6      | Reached skill level 7 in Stealth
  6870 | D:6      | Found an iron altar of Okawaru.
  7025 | D:6      | Reached skill level 1 in Earth Magic
  7047 | D:6      | Found Ruckiniapp's Elemental Accessories.
  7244 | D:6      | Found a hide-covered altar of Uskayaw.
  7249 | D:6      | Identified the +4 dagger "Nezyhoc" {vorpal, rC+}
  7353 | D:7      | Identified the +3 chain mail of Pride {rC+ MP-9 Str+2
                  | Dex+3}
  7407 | D:7      | Identified the +10 long sword "Lumeg" {flame, rC+}
  7419 | D:7      | Reached ** piety under Dithmenos
  7432 | D:7      | HP: 2/52 [gnoll/+0 halberd (7)]
  7432 | D:7      | Mangled by a gnoll

Illustrated notes

Levels and vault maps discovered:
D:1:      minmay_arrival_nine_rooms, layout_basic, basic_ecumenical_altar,
          minivault_24
D:2:      layout_loops_ring, serial_bayou_ford_a, nicolae_wormholes
D:3:      layout_basic, nicolae_overflow_crystal_walls
D:4:      layout_basic, nicolae_vehumet_radiance,
          minmay_temple_entry_statues_fountains, cheibrodos_sewer_entry_drain
D:5:      layout_basic, uniq_eustachio
D:6:      layout_rooms, mainiacjoe_overflow_brackets, okawaru_altar_gauntlet_db,
          eat_drink_and_be_merry_uskayaw, amethyst_killhole,
          nicolae_elemental_shop
D:7:      layout_cave_pools, mainiacjoe_overflow_small_starburst,
          serial_gnoll_camp, gnoll_camp_medium_01, gnoll_camp_huts_basic,
          gnoll_camp_mini_hut, gnoll_camp_mini_doghouse, enter_bailey_4,
          nicolae_shop_gadgets
Temple:   nicolae_temple_no_exploring_needed

Skill      XL: |  1  2  3  4  5  6  7  8  9 |
---------------+----------------------------+-----
Fighting       | 1 2 3 4 |  4.6
Short Blades   | 2 3 4 5 |  5.8
Dodging        | 3 4 5 |  5.7
Hexes          | 4 5 6 |  6.9
Stealth        | 5 6 7 |  7.5
Spellcasting   | 3 4 |  4.7
Invocations    | 2 3 |  3.2
Earth Magic    | 1 |  1.6

Action                   |  1- 3 |  4- 6 |  7- 9 || total
-------------------------+-------+-------+-------++-------
Melee: Dagger            |    45 |    84 |   158 ||   287
 Cast: Ensorcelled Hiber |     4 |    26 |    60 ||    90
       Confusing Touch   |       |       |     3 ||     3
 Stab: Sleeping          |    23 |    30 |    68 ||   121
       Distracted        |       |     2 |     3 ||     5
       Confused          |       |       |     2 ||     2
Armor: Robe              |     3 |    12 |     7 ||    22
       Troll leather arm |       |       |    20 ||    20
Dodge: Dodged            |    18 |    38 |   139 ||   195

Table legend: (Time is in decaauts)
 A = Elapsed time spent in this place.
 B = Non-inter-level travel time spent in this place.
 C = Inter-level travel time spent in this place.
 D = Time resting spent in this place.
 E = Time spent auto-exploring this place.
 F = Levels seen in this place.
 G = Mean time per level.
                   A        B        C        D        E       F      G
               +--------+--------+--------+--------+--------+-----+--------+
         Total |   7375 |   6992 |    383 |    231 |   5577 |   9 |  819.4 |
       Dungeon |   6155 |   5786 |    369 |      0 |   4926 |   7 |  879.3 |
        Temple |     57 |     43 |     14 |      0 |     30 |   1 |   57.0 |
         Sewer |   1162 |   1162 |      0 |    231 |    621 |   1 | 1162.0 |
               +--------+--------+--------+--------+--------+-----+--------+

Top non-repeatable levels by time:
     D:5: 1315 daAuts
     D:1: 1187 daAuts
     D:4: 1173 daAuts
   Sewer: 1162 daAuts
     D:3: 866 daAuts
     D:2: 787 daAuts
     D:6: 743 daAuts
     D:7: 81 daAuts
  Temple: 57 daAuts
